Map: Efflorescence LE

Players

Massa - Winner!

  • Race: Terran Terran
  • League: Platinum
  • Spawn Location: 3:00

qqq - Winner!

  • Race: Zerg Zerg
  • Spawn Location: 12:00

TheEviL

  • Race: Protoss Protoss
  • League: Diamond
  • Spawn Location: 9:00

Mallazo

  • Race: Zerg Zerg
  • League: Diamond
  • Spawn Location: 6:00

VOD

Have the link to the VOD?

Description

Time

  • Played on: March 6, 2021, 8:57 a.m.
  • Length: 12:19
Show
View Real Time Build Order
Export as new Build Order

Massa Terran - Winner!

Build Orders:  

Get SALT Encoding   

  12  0:00  SCV  
  13  0:12  SCV  
  14  0:18  Supply Depot  
  14  0:24  SCV  
  15  0:41  Barracks  
  15  0:46  Refinery, SCV  
  16  0:54  Supply Depot  
  16  0:58  SCV  
  17  1:10  SCV  
  18  1:14  Barracks  
  18  1:22  SCV  
  19  1:31  Barracks Tech Lab  
  19  1:34  SCV  
  20  1:40  Barracks  
  20  1:52  Orbital Command  
  20  1:56  Marine  
  21  2:01  Marine  
  21  2:07  Stimpack  
  22  2:14  Marine  
  23  2:20  Marine  
  24  2:26  Marine  
  25  2:31  Supply Depot  
  25  2:32  Marauder  
  27  2:41  Marine  
  28  2:44  Marine  
  29  2:53  Marauder  
  31  2:59  Marine  
  31  3:02  Marine  
  33  3:10  Supply Depot  
  33  3:15  Marauder  
  33  3:16  Marine  
  36  3:20  Marine  
  37  3:34  Marine  
  37  3:36  Marauder  
  37  3:38  Marine  
  41  3:47  Command Center  
  41  3:52  Concussive Shells  
  41  3:54  Marine  
  42  3:56  Marine  
  42  3:58  Marauder  
  42  4:00  Supply Depot  
  45  4:12  Marine  
  44  4:36  Marine x2  
  44  4:37  Marauder  
  48  4:41  Combat Shield  
  48  4:46  Engineering Bay  
  48  4:54  Marine x2  
  48  4:58  Marauder  
  52  5:12  Marine  
  36  6:01  Marauder, Marine x2  
  36  6:02  SCV  
  36  6:04  Orbital Command  
  41  6:19  Marine x2  
  41  6:23  Marauder  
  44  6:40  Marine x2  
  44  6:44  Marauder  
  47  6:57  Marine  
  47  6:58  Marine  
  44  7:09  Marauder  
  44  7:10  SCV x2  
  48  7:15  Marine  
  48  7:16  Missile Turret  
  48  7:22  Barracks Reactor, SCV x2  
  44  7:23  Barracks  
  44  7:27  Factory  
  42  7:41  Marine  
  42  7:42  Marauder  
  45  7:49  Terran Infantry Weapons Level 1  
  45  7:50  Refinery  
  45  7:54  Engineering Bay  
  45  7:55  SCV x2  
  47  7:59  Marine  
  47  8:00  Refinery  
  47  8:01  Refinery  
  47  8:02  Marine x2  
  47  8:03  Marauder  
  52  8:07  SCV  
  52  8:08  SCV  
  54  8:12  Supply Depot  
  54  8:14  Supply Depot  
  54  8:15  Supply Depot  
  54  8:17  Marine  
  54  8:19  SCV  
  56  8:20  Marine  
  50  8:49  Marauder  
  50  8:50  Barracks Reactor, Barracks Tech Lab, Marine x2  
  50  8:53  Factory Tech Lab  
  54  8:59  Starport  
  54  9:02  Terran Infantry Armor Level 1, Armory  
  54  9:08  Marine x2  
  56  9:11  Marauder  
  56  9:13  Marauder  
  60  9:26  Marine x2  
  62  9:32  Marauder  
  62  9:35  Marauder  
  62  9:44  Marine  
  63  9:47  Marine x2  
  63  9:48  Marine  
  66  9:53  Marauder  
  66  9:56  Marauder  
  67  10:02  Marine  
  67  10:05  Marine, Siege Tank  
  67  10:15  Marauder  
  67  10:17  Marauder  
  71  10:22  Supply Depot  
  71  10:23  SCV x2  
  71  10:24  Supply Depot x3  
  73  10:35  SCV x2  
  75  10:37  Siege Tank  
  78  10:47  SCV x2  
  80  10:51  Marine x2  
  80  10:52  Marauder x2, Marine x2  
  88  11:04  SCV  
  88  11:05  SCV  
  88  11:09  Siege Tank  
  93  11:17  SCV x2  
  95  11:23  Command Center  
  95  11:41  Siege Tank  
  96  11:52  Marauder x2, Marine x4  
  98  11:58  Starport Reactor  
  98  12:06  SCV x2  
Show
View Real Time Build Order
Export as new Build Order

qqq Zerg - Winner!

Build Orders: Hatch First 

Get SALT Encoding   

  12  0:01  Drone  
  13  0:10  Drone  
  14  0:26  Overlord  
  14  0:47  Hatchery  
  13  0:55  Drone x2  
  15  0:57  Drone  
  16  1:06  Drone  
  17  1:17  Extractor  
  16  1:23  Drone  
  17  1:29  Drone  
  18  1:41  Drone  
  19  1:56  Drone  
  19  1:59  Spawning Pool  
  19  2:01  Drone x2  
  21  2:13  Drone  
  22  2:16  Drone  
  22  2:20  Drone, Hatchery  
  23  2:23  Drone  
  23  2:47  Roach Warren  
  23  2:48  Lair  
  22  2:52  Drone  
  22  2:53  Queen  
  25  3:08  Drone  
  25  3:09  Drone  
  25  3:12  Drone  
  28  3:17  Extractor, Overlord  
  27  3:23  Overlord  
  27  3:29  Queen, Spore Crawler  
  27  3:33  Roach  
  30  3:37  Roach  
  30  3:41  Overlord  
  32  3:50  Glial Reconstitution  
  32  3:51  Roach  
  32  3:53  Roach  
  36  3:57  Roach  
  36  4:01  Roach  
  40  4:05  Roach  
  42  4:14  Roach  
  42  4:16  Roach  
  46  4:17  Drone  
  49  4:24  Roach  
  49  4:25  Roach  
  49  4:30  Roach  
  53  4:34  Roach  
  55  4:39  Drone  
  55  4:40  Drone  
  57  4:48  Overlord  
  57  4:58  Overlord  
  57  4:59  Overlord  
  55  5:10  Roach x3  
  53  5:21  Roach  
  53  5:22  Roach x2  
  53  5:27  Roach x2  
  61  5:35  Roach x2  
  57  5:40  Drone  
  57  5:41  Drone  
  57  5:47  Roach  
  59  5:51  Roach  
  59  5:52  Drone x2  
  63  6:06  Roach x2  
  63  6:07  Roach x2  
  71  6:12  Roach  
  71  6:13  Drone  
  71  6:15  Drone  
  69  6:35  Roach x6  
  75  6:56  Roach x4  
  81  7:05  Overlord x2  
  81  7:06  Overlord x3  
  81  7:15  Extractor  
  78  7:21  Roach x3  
  82  7:29  Drone x2  
  70  7:30  Spire  
  61  7:38  Queen  
  61  7:39  Roach  
  61  7:43  Roach  
  67  7:45  Roach  
  67  7:50  Roach  
  73  7:51  Roach  
  73  7:56  Drone, Roach  
  73  8:31  Roach x2  
  73  8:32  Roach x5  
  77  8:40  Roach  
  77  8:41  Roach x5  
  79  8:49  Roach x2  
  79  8:50  Drone  
  79  8:52  Drone  
  85  9:15  Hatchery  
  84  9:18  Mutalisk  
  84  9:19  Mutalisk  
  84  9:20  Mutalisk  
  84  9:21  Drone  
  77  9:53  Mutalisk x2  
  77  9:54  Roach x2  
  77  9:55  Zergling x6  
  77  9:56  Zergling x2  
  73  10:04  Roach x2  
  73  10:05  Roach  
  65  10:10  Drone  
  64  10:18  Zerg Flyer Weapons Level 1  
  64  10:32  Mutalisk, Roach  
  64  10:33  Zergling x2  
  64  10:35  Drone x4  
  71  10:41  Mutalisk  
  73  10:43  Drone x2  
  73  10:47  Extractor  
  69  10:58  Mutalisk  
  69  11:09  Mutalisk  
  71  11:23  Mutalisk  
  69  11:27  Drone x5  
  69  11:28  Drone x8  
  69  11:29  Drone  
  71  11:42  Mutalisk x2  
  71  11:44  Drone  
  76  11:56  Hatchery  
  76  12:00  Infestation Pit  
  74  12:06  Extractor  
  74  12:07  Extractor, Hatchery, Spine Crawler x2  
  69  12:14  Hatchery  
Show
View Real Time Build Order
Export as new Build Order

TheEviL Protoss 

Build Orders:  

Get SALT Encoding   

  12  0:00  Probe (Chrono Boost)  
  13  0:10  Probe (Chrono Boost)  
  14  0:18  Pylon  
  14  0:22  Probe  
  15  0:36  Probe  
  15  0:39  Gateway  
  16  0:48  Probe, Assimilator  
  17  1:07  Forge  
  17  1:09  Probe (Chrono Boost)  
  18  1:15  Gateway  
  18  1:21  Probe (Chrono Boost)  
  19  1:31  Cybernetics Core  
  19  1:33  Probe  
  20  1:43  Assimilator  
  20  1:47  Pylon  
  20  2:07  Adept  
  22  2:14  Probe (Chrono Boost), Photon Cannon  
  23  2:18  Sentry  
  23  2:19  Warp Gate  
  25  2:24  Probe (Chrono Boost)  
  26  2:45  Stalker  
  29  2:58  Probe  
  29  3:04  Nexus  
  29  3:10  Probe (Chrono Boost)  
  31  3:20  Probe (Chrono Boost)  
  31  3:35  Pylon  
  31  3:53  Probe  
  34  4:00  Photon Cannon  
  34  4:01  Shield Battery  
  34  4:05  Probe  
  35  4:10  Stalker  
  35  4:16  Photon Cannon  
  37  4:17  Probe, Pylon  
  37  4:33  Photon Cannon  
  37  4:51  Shield Battery  
  37  4:59  Gateway  
  37  5:02  Gateway  
  27  5:28  Photon Cannon  
  16  5:37  Probe (Chrono Boost)  
  17  5:48  Probe (Chrono Boost)  
  18  5:52  Pylon  
  18  5:53  Probe (Chrono Boost)  
  19  6:01  Pylon  
  19  6:03  Probe  
  17  6:13  Pylon  
  17  6:15  Pylon  
  17  6:16  Probe  
    6:40  Probe (Chrono Boost)  
  1  6:50  Probe (Chrono Boost)  
  2  6:56  Probe (Chrono Boost)  
  3  7:07  Probe (Chrono Boost)  
  4  7:15  Probe (Chrono Boost)  
  5  7:21  Probe (Chrono Boost)  
  6  7:32  Probe (Chrono Boost)  
  7  7:39  Probe (Chrono Boost)  
  9  7:58  Probe x2  
  10  8:10  Probe  
  11  8:23  Pylon  
  11  8:37  Probe x2 (Chrono Boost)  
  13  8:53  Pylon  
  13  8:58  Probe  
  14  9:10  Cybernetics Core  
  14  9:13  Probe  
  15  9:18  Probe  
  6  9:38  Probe x2  
  3  9:52  Probe  
  4  10:21  Probe (Chrono Boost)  
  4  10:27  Sentry  
Show
View Real Time Build Order
Export as new Build Order

Mallazo Zerg 

Build Orders: Hatch First 

Get SALT Encoding   

  12  0:00  Drone  
  13  0:13  Overlord  
  13  0:18  Drone  
  14  0:31  Drone x2  
  16  0:51  Hatchery  
  16  0:54  Drone  
  16  0:57  Drone  
  16  1:00  Drone  
  18  1:11  Extractor  
  18  1:17  Spawning Pool  
  16  1:19  Drone  
  16  1:22  Drone  
  18  1:28  Drone  
  19  1:40  Drone  
  20  1:50  Overlord  
  20  2:04  Queen x2, Zergling x4  
  26  2:13  Drone  
  27  2:20  Drone  
  28  2:25  Drone x2  
  30  2:33  Drone  
  30  2:36  Drone  
  32  2:48  Drone x2  
  34  2:54  Roach Warren  
  34  2:58  Drone x2  
  35  3:02  Extractor  
  35  3:05  Overlord  
  34  3:06  Extractor  
  34  3:09  Drone  
  34  3:15  Drone x2  
  34  3:16  Overlord  
  36  3:23  Drone  
  36  3:24  Drone  
  36  3:25  Drone x3, Extractor  
  40  3:30  Drone  
  41  3:37  Drone  
  41  3:39  Drone  
  43  3:43  Drone  
  43  3:44  Drone  
  43  3:45  Drone  
  46  3:52  Evolution Chamber  
  46  3:54  Drone  
  46  3:55  Drone x3  
  49  3:56  Evolution Chamber  
  48  4:04  Roach  
  48  4:07  Roach  
  52  4:17  Overlord  
  52  4:22  Zerg Missile Weapons Level 1  
  52  4:23  Zerg Ground Armor Level 1  
  52  4:26  Overlord  
  52  4:27  Overlord  
  50  4:42  Roach  
  50  4:43  Overlord  
  52  4:46  Roach x6  
  64  4:53  Roach  
  64  4:57  Roach  
  68  5:02  Roach x3  
  68  5:03  Roach  
  76  5:25  Overlord x3  
  70  5:37  Overlord  
  70  5:38  Overlord x2  
  56  5:43  Roach x6  
  58  5:54  Spine Crawler  
  57  5:57  Spine Crawler  
  57  5:59  Roach  
  57  6:00  Roach x2  
  62  6:08  Roach x2  
  62  6:10  Queen x2  
  70  6:11  Roach  
  70  6:13  Roach  
  74  6:19  Roach  
  74  6:20  Roach  
  74  6:22  Roach  
  80  6:27  Roach  
  80  6:28  Roach  
  80  6:31  Roach  
  86  6:37  Roach x2  
  90  6:41  Roach x13  
  90  6:44  Roach x2  
  92  6:52  Roach  
  84  6:58  Ravager  
  84  6:59  Ravager x12  
  80  7:03  Roach x2  
  80  7:07  Ravager  
  80  7:08  Ravager x12  
  93  7:10  Roach  
  93  7:14  Roach  
  93  7:15  Roach  
  90  7:24  Roach  
  89  7:33  Roach  
  91  7:37  Roach x5  
  99  7:51  Overlord x2  
  99  8:09  Queen  
  101  8:20  Roach x7  
  109  8:32  Drone  
  109  8:33  Roach x3  
  99  8:39  Roach  
  64  8:52  Roach x5  
  74  8:58  Extractor  
  73  9:09  Lair  
  73  9:13  Roach x4  
  81  9:24  Ravager, Roach x7  
  95  9:26  Ravager  
  97  9:35  Roach  
  97  9:36  Roach  
  101  9:40  Roach  
  90  9:56  Roach x6  
  90  9:57  Roach  
  82  10:04  Roach  
  69  10:07  Roach  
  59  10:24  Queen x2  
  59  10:28  Spore Crawler  
  62  10:30  Spore Crawler  
  61  10:42  Spore Crawler x2  
  58  10:45  Roach x2  
  61  10:54  Roach  
  61  10:56  Roach x2  
  67  10:59  Roach  
  67  11:00  Queen  
  66  11:21  Roach x6  
  54  11:36  Hydralisk Den  
  44  11:50  Roach  
  44  12:04  Drone x2  
Tags
 
Add a new tag
Caveats
  • Supply blocks, unpowered buildings, or Contaminate may cause inaccurate times.
  • Supply counts are checked every 10 seconds.